 Dungeon Crawl Stone Soup version 0.18-a0-1639-g7533f42 (webtiles) character file.

474 Sargon the Chopper (level 7, 0/52 HPs)
             Began as a Formicid Fighter on Mar 27, 2016.
             Slain by a worker ant (3 damage)
             ... on level 7 of the Dungeon.
             The game lasted 00:07:48 (3284 turns).

Sargon the Chopper (Formicid Fighter)               Turns: 3284, Time: 00:07:48

Health: 0/52       AC:  9    Str: 17    XL:     7   Next: 32%
Magic:  7/7        EV:  7    Int:  8    God:
Gold:   229        SH:  9    Dex: 12    Spells: 0 memorised, 6 levels left

rFire  . . .     SeeInvis +     a - +0 war axe
rCold  . . .     Gourm    .     b - +0 scale mail
rNeg   . . .     Faith    .     c - +0 shield
rPois  .         Spirit   .     (helmet unavailable)
rElec  .         Dismiss  .     q - +0 cloak
rCorr  .         Reflect  .     p - +0 pair of gloves
SustAt .         Harm     .     (no boots)
MR     .....                    (no amulet)
Stlth  ..........               (no ring)
                                i - -3 ring of strength (curse)

@: not resistant to hostile enchantments, extremely unstealthy
A: permanent stasis, dig shafts and tunnels, four strong arms, antennae 3
a: Dig, Shaft Self


You were on level 7 of the Dungeon.
You were not hungry.

You visited 1 branch of the dungeon, and saw 7 of its levels.

You collected 229 gold pieces.

Inventory:

Hand Weapons
 a - a +0 war axe (weapon)
Armour
 b - a +0 scale mail (worn)
 c - a +0 shield (worn)
 p - a +0 pair of gloves (worn)
 q - a +0 cloak (worn)
Jewellery
 i - a cursed -3 ring of strength (left hand)
Wands
 s - a wand of random effects (22/48)
 w - a wand of enslavement (13/24)
 y - a wand of disintegration (19/24)
Scrolls
 e - 6 scrolls of remove curse {unknown}
 h - 3 scrolls of noise {unknown}
 l - 3 scrolls of recharging {unknown}
 m - a scroll of enchant weapon {unknown}
 n - 3 scrolls of teleportation {unknown}
 r - a scroll of amnesia {unknown}
 t - a scroll of immolation {unknown}
 u - a scroll of identify {unknown}
 v - 2 scrolls of fog {unknown}
 x - 2 scrolls of magic mapping {unknown}
 z - a scroll of blinking {unknown}
 C - a scroll of fear {unknown}
Potions
 d - a potion of might
 g - 2 potions of berserk rage
 A - a potion of heal wounds
 B - a potion of flight {unknown}
Comestibles
 f - 7 bread rations
 j - 3 fruits
 k - 3 beef jerkies
 D - a meat ration


   Skills:
 - Level 3.2 Fighting
 + Level 7.5 Axes
 - Level 3.2 Armour
 - Level 3.6 Shields


You had 6 spell levels left.
You didn't know any spells.

Dungeon Overview and Level Annotations

Branches:
Dungeon (6/15)
 Temple: D:4-7

Altars:
Cheibriados
Elyvilon
Nemelex Xobeh
Qazlal
Yredelemnul
Zin
The Shining One

Annotations:
D:3 Sigmund


Innate Abilities, Weirdness & Mutations

You are under a permanent stasis effect.
You can dig through walls and to a lower floor.
Your four strong arms can wield two-handed weapons with a shield.
You have a pair of large antennae on your head (SInv).


Message History

You block the centaur's attack.
A worker ant comes into view.
You slash the centaur!
The centaur is severely wounded.
The centaur hits you but does no damage.
The centaur hits you with a shortbow.
* * * LOW HITPOINT WARNING * * *
You barely miss the centaur.
The centaur is severely wounded.
The centaur hits you with a shortbow.
* * * LOW HITPOINT WARNING * * *
The centaur hits you with a shortbow.
* * * LOW HITPOINT WARNING * * *
You hit the centaur.
The centaur is almost dead.
The centaur hits you but does no damage.
You hit the centaur.
You kill the centaur!
The worker ant bites you.
You die...

#..#
#.c# ##
#..# ..
..## #.
... #.
#.#
#.####.#
#..(@a.#
########
{


You could see a worker ant.

Vanquished Creatures
  A centaur (D:7)
  A scorpion (D:4)
  A crimson imp (D:5)
  An orc priest (D:4)
  4 iguanas
  An orc wizard (D:4)
  3 adders
  2 shadow imps
  An ooze (D:4)
  An adder skeleton (D:5)
  2 worms (D:2)
  2 giant geckos
  16 orcs
  A ball python (D:1)
  2 giant cockroaches
  7 goblins
  3 hobgoblins
  8 jackals
  10 kobolds
  2 quokkas (D:3)
  5 bats
  3 giant newts (D:1)
  3 rats
80 creatures vanquished.

Notes
Turn   | Place    | Note
--------------------------------------------------------------
     0 | D:1      | Sargon the Formicid Fighter began the quest for the Orb.
     0 | D:1      | Reached XP level 1. HP: 18/18 MP: 1/1
   162 | D:1      | Reached XP level 2. HP: 18/24 MP: 2/2
   326 | D:1      | Reached skill level 3 in Axes
   393 | D:1      | Reached XP level 3. HP: 24/29 MP: 3/3
  1178 | D:3      | Reached skill level 4 in Axes
  1178 | D:3      | Reached XP level 4. HP: 35/35 MP: 4/4
  1462 | D:3      | Found a sparkling altar of Nemelex Xobeh.
  1471 | D:3      | Found a basalt altar of Yredelemnul.
  1471 | D:3      | Noticed Sigmund
  1474 | D:3      | Found a snail-covered altar of Cheibriados.
  1477 | D:3      | Found a stormy altar of Qazlal.
  1480 | D:3      | You fall through a shaft for 3 floors!
  1526 | D:6      | Reached skill level 5 in Axes
  1526 | D:6      | Reached XP level 5. HP: 30/41 MP: 5/5
  1545 | D:5      | Entered Level 5 of the Dungeon
  2158 | D:4      | Reached skill level 6 in Axes
  2158 | D:4      | Reached XP level 6. HP: 34/47 MP: 6/6
  2833 | D:4      | Found a white marble altar of Elyvilon.
  2833 | D:4      | Found a glowing golden altar of the Shining One.
  2833 | D:4      | Found a glowing silver altar of Zin.
  2871 | D:5      | Reached skill level 7 in Axes
  2871 | D:5      | Reached XP level 7. HP: 52/52 MP: 7/7
  3026 | D:5      | You fall through a shaft for 2 floors!
  3284 | D:7      | Slain by a worker ant

Vault maps used:
D:1:      sevenhm_arrival_forest_fort_small_6
D:2:      minmay_kobold_bridge, first_bread, minmay_misc_feat_rows,
          minmay_misc_feat_diagonals, grunt_decor_cap, nrook_uturn, st_stairs_8
D:3:      grunt_temple_overflow_cloverleaf, uniq_grinder, uniq_sigmund
D:4:      good_gods_mini_temple
D:5:      grunt_temple_overflow_growth_and_decay, lemuel_temple_firewalk_marked,
          minmay_tree_intersection
D:6:      makhleb_blood_cavern_becter
D:7:      serial_shops, shop, basic_altar, grunt_ogre_cave

Skill      XL: |  1  2  3  4  5  6 |
---------------+-------------------+-----
Axes           | 3 4 5 6 7 |  7.5
Fighting       | |  3.2
Armour         | |  3.2
Shields        | |  3.6

Action                   |  1- 3 |  4- 6 |  7- 9 || total
-------------------------+-------+-------+-------++-------
Melee: War axe           |   133 |   202 |    27 ||   362
 Abil: Dig               |     2 |     1 |       ||     3
       Shaft Self        |       |     1 |     1 ||     2
  Use: Potion            |       |     4 |       ||     4
  Eat: Chunk             |     1 |     6 |     2 ||     9
